Map: Arctic Dream LE

Players

qqq - Winner!

  • Race: Zerg Zerg
  • Spawn Location: 5:00

Massa - Winner!

  • Race: Terran Terran
  • League: Platinum
  • Spawn Location: 6:00

Antiga

  • Race: Terran Terran
  • Spawn Location: 11:00

Wadpig

  • Race: Protoss Protoss
  • Spawn Location: 12:00

VOD

Have the link to the VOD?

Description

Time

  • Played on: Oct. 20, 2020, 3:50 p.m.
  • Length: 16:34
Show
View Real Time Build Order
Export as new Build Order

qqq Zerg - Winner!

Build Orders: Hatch First, Brood Lord Corruptor, Lurkers 

Get SALT Encoding   

  12  0:00  Drone  
  13  0:20  Drone  
  14  0:37  Hatchery  
  13  0:45  Drone  
  14  1:02  Spawning Pool  
  13  1:05  Overlord  
  13  1:08  Drone  
  14  1:11  Extractor  
  14  1:15  Drone  
  14  1:25  Drone  
  15  1:31  Drone  
  16  1:48  Drone  
  17  1:58  Drone  
  17  2:00  Queen  
  20  2:01  Queen  
  20  2:05  Drone  
  23  2:20  Drone  
  24  2:24  Metabolic Boost  
  24  2:26  Drone  
  24  2:27  Drone  
  24  2:28  Drone  
  27  2:39  Overlord  
  27  2:43  Drone  
  28  2:46  Overlord  
  28  2:56  Drone  
  28  3:02  Zergling x2  
  28  3:03  Zergling x2  
  28  3:04  Drone  
  31  3:06  Lair  
  31  3:09  Drone  
  32  3:28  Zergling x2  
  32  3:29  Zergling x2  
  32  3:30  Zergling x2  
  32  3:33  Drone  
  36  3:36  Drone, Hatchery  
  36  3:37  Drone  
  37  3:49  Zergling x6  
  37  3:53  Drone x3  
  43  4:04  Zergling x2  
  43  4:06  Overlord x2  
  44  4:27  Extractor  
  44  4:29  Hydralisk Den  
  44  4:31  Extractor, Drone x3  
  41  4:32  Drone x3, Extractor  
  41  4:33  Drone x3  
  41  4:34  Drone x2  
  51  4:43  Drone  
  52  4:49  Drone, Zergling x2  
  52  4:50  Queen  
  52  4:52  Drone  
  57  5:05  Muscular Augments  
  57  5:10  Lurker Den  
  57  5:11  Drone, Hydralisk  
  59  5:14  Drone x2  
  59  5:15  Drone x3  
  64  5:31  Baneling Nest  
  63  5:36  Drone x2  
  63  5:38  Overlord x3  
  63  5:39  Drone  
  66  5:57  Drone x3  
  68  6:02  Hydralisk  
  71  6:05  Hatchery  
  71  6:07  Hatchery  
  71  6:09  Spore Crawler  
  68  6:11  Spore Crawler  
  68  6:13  Drone x2, Spore Crawler  
  68  6:14  Drone x2  
  68  6:15  Hydralisk x2  
  68  6:16  Grooved Spines  
  68  6:17  Zergling x4  
  76  6:20  Baneling x2  
  74  6:28  Hydralisk  
  74  6:30  Drone x5  
  81  6:36  Drone  
  82  6:46  Lurker x4  
  86  6:47  Hydralisk x2  
  86  6:50  Overlord x3  
  90  6:58  Baneling x6  
  90  7:06  Evolution Chamber  
  89  7:08  Drone x2  
  89  7:09  Evolution Chamber, Infestation Pit  
  89  7:10  Drone x2  
  89  7:11  Hydralisk  
  93  7:21  Drone x3  
  96  7:33  Hydralisk x2  
  96  7:34  Hydralisk x3  
  96  7:35  Drone  
  96  7:36  Drone x3  
  110  7:49  Hydralisk x2  
  110  7:50  Hydralisk  
  116  7:51  Zergling x4  
  116  7:52  Drone x2, Zergling x2  
  116  7:53  Drone x3  
  116  7:56  Extractor  
  116  7:57  Extractor  
  105  8:34  Hydralisk x2  
  105  8:35  Hydralisk x5  
  105  8:36  Drone x2  
  105  8:37  Drone x5  
  105  8:38  Overlord x3  
  105  8:39  Overlord x2  
  126  8:45  Zerg Missile Weapons Level 1  
  126  8:46  Hive  
  126  9:06  Extractor  
  126  9:09  Extractor  
  124  9:11  Extractor, Zerg Ground Armor Level 1  
  124  9:12  Extractor  
  124  9:14  Spire  
  124  9:16  Drone x3  
  125  9:17  Drone x6  
  125  9:18  Drone  
  131  9:31  Spore Crawler  
  130  9:32  Spore Crawler  
  130  9:38  Lurker x4  
  133  9:40  Zergling x8  
  133  9:41  Zergling x8  
  133  9:42  Drone x3  
  133  9:43  Drone  
  145  9:48  Spine Crawler  
  145  9:49  Spine Crawler  
  145  9:50  Spore Crawler  
  142  10:17  Ultralisk Cavern  
  142  10:20  Pneumatized Carapace  
  127  10:36  Corruptor x4  
  127  10:37  Corruptor x4  
  127  10:40  Mutalisk  
  146  11:04  Drone x6  
  151  11:17  Lurker x3  
  151  11:18  Corruptor x2  
  151  11:22  Greater Spire  
  151  11:25  Zerg Melee Weapons Level 1  
  155  11:26  Zerg Ground Armor Level 2  
  155  11:29  Drone x4  
  153  12:04  Hatchery  
  153  12:05  Hatchery  
  143  12:14  Mutalisk x3, Corruptor x3  
  143  12:15  Corruptor  
  157  12:16  Hatchery, Ultralisk  
  157  12:17  Zergling x4, Overlord x3  
  157  12:18  Overlord x8  
  157  12:19  Overlord x4  
  164  12:35  Mutalisk x6  
  164  12:36  Mutalisk x4  
  184  13:01  Brood Lord x3  
  184  13:02  Brood Lord  
  184  13:03  Brood Lord  
  160  13:20  Corruptor x2  
  160  13:21  Ultralisk  
  160  13:22  Zergling x2  
  160  13:23  Zergling x12  
  177  13:33  Hatchery  
  152  13:51  Brood Lord  
  152  13:52  Brood Lord x5  
  164  14:04  Mutalisk  
  164  14:05  Mutalisk x2  
  164  14:07  Drone x3  
  164  14:09  Zergling x2  
  164  14:10  Zergling x10  
  150  14:41  Mutalisk x2  
  150  14:42  Mutalisk x6  
  150  14:45  Anabolic Synthesis  
  166  14:52  Zergling x2  
  167  14:53  Zergling x16  
  167  14:54  Zergling x12  
  169  15:20  Corruptor  
  169  15:21  Corruptor x2  
  159  15:40  Corruptor x3  
Show
View Real Time Build Order
Export as new Build Order

Massa Terran - Winner!

Build Orders:  

Get SALT Encoding   

  12  0:00  SCV  
  13  0:12  SCV  
  14  0:17  Supply Depot  
  14  0:24  SCV  
  15  0:39  SCV  
  15  0:41  Barracks  
  16  0:51  SCV  
  16  0:53  Refinery  
  16  0:54  Refinery  
  17  1:03  SCV  
  18  1:09  Supply Depot  
  18  1:15  SCV  
  19  1:27  SCV  
  19  1:29  Reaper  
  21  1:39  Orbital Command  
  21  1:52  Factory  
  21  2:01  Marine  
  21  2:07  SCV  
  23  2:19  SCV  
  24  2:29  Barracks Reactor  
  24  2:34  Command Center  
  24  2:35  SCV  
  25  2:44  Factory Tech Lab  
  25  2:47  SCV  
  26  3:12  Siege Tank  
  29  3:13  Marine x2  
  29  3:17  Barracks  
  31  3:21  Starport  
  31  3:23  Barracks  
  31  3:31  Supply Depot  
  31  3:39  Engineering Bay  
  31  3:45  SCV, Marine x2  
  31  3:47  Siege Tank  
  37  3:58  SCV  
  37  4:01  Medivac  
  40  4:03  Marine x2  
  40  4:05  Barracks Tech Lab  
  43  4:10  SCV  
  43  4:11  Orbital Command  
  43  4:24  SCV  
  43  4:27  Barracks Reactor  
  44  4:36  SCV  
  45  4:38  Liberator  
  45  4:43  Marine x2  
  50  4:48  SCV  
  50  4:50  Marauder  
  53  4:53  SCV  
  54  5:06  Supply Depot  
  54  5:07  Stimpack  
  54  5:10  Supply Depot  
  54  5:13  Supply Depot  
  54  5:27  SCV x2, Marine x2  
  58  5:39  SCV  
  59  5:45  Marine x2  
  60  6:03  Marine  
  53  6:08  Armory  
  53  6:09  Marauder, Marine x3  
  58  6:11  Medivac  
  58  6:15  Missile Turret  
  60  6:19  Missile Turret  
  60  6:20  Marine  
  60  6:21  Refinery, SCV x2  
  60  6:23  Refinery  
  63  6:26  Marine  
  63  6:27  Marine x2  
  63  6:30  Marauder  
  68  6:33  SCV x2  
  68  6:35  Siege Tank  
  73  6:41  Medivac  
  73  6:45  SCV  
  73  6:46  Concussive Shells  
  76  6:48  Marine  
  76  6:49  Marine  
  78  6:54  Supply Depot  
  78  6:58  Missile Turret  
  78  7:03  Supply Depot  
  78  7:07  Supply Depot  
  78  7:16  Marauder, Marine x4  
  78  7:17  SCV x2  
  86  7:24  Thor  
  92  7:33  Medivac  
  92  7:34  Marine x3  
  97  7:37  Command Center  
  97  7:38  Marauder  
  97  7:40  Combat Shield  
  97  7:43  SCV x2  
  100  7:55  SCV x2  
  102  8:18  SCV  
  102  8:19  SCV  
  95  8:36  Marauder  
  95  8:37  Marine x4  
  101  8:50  Medivac  
  101  8:54  Marine  
  101  8:55  Marine x2  
  106  8:58  Marauder  
  106  9:19  Marauder  
  106  9:20  Medivac  
  104  9:41  Marauder  
  104  9:44  Marine x4  
  110  9:50  Medivac  
  91  10:01  Marine  
  91  10:02  Marauder, Marine x3  
  97  10:19  Marine  
  97  10:20  Marine x3  
  101  10:23  Marauder  
  103  10:31  Medivac  
  103  10:33  Barracks  
  102  10:37  Marine  
  102  10:38  Marine x3  
  103  10:45  Marauder  
  103  10:49  Command Center  
  97  10:57  Command Center  
  97  11:01  Liberator, Marine x4, Command Center  
  104  11:06  Marauder  
  106  11:18  Terran Infantry Weapons Level 1  
  106  11:19  Marine x4  
  106  11:21  Engineering Bay  
  110  11:25  Armory  
  110  11:27  SCV, Marauder  
  110  11:28  SCV  
  110  11:32  Orbital Command  
  114  11:36  Marine  
  114  11:37  Marine x2  
  117  11:49  Supply Depot x2  
  117  11:51  Missile Turret, Supply Depot  
  117  11:52  Missile Turret x2, Supply Depot  
  117  11:54  Supply Depot  
  117  11:56  Missile Turret  
  117  12:00  Liberator, Marine x3  
  117  12:01  SCV x2, Marauder  
  126  12:05  Planetary Fortress  
  126  12:07  SCV  
  126  12:11  Planetary Fortress  
  126  12:13  SCV x2  
  128  12:19  SCV  
  128  12:22  Marauder  
  131  12:25  SCV x2  
  132  12:32  SCV  
  131  12:37  SCV x2  
  131  12:44  SCV  
  130  12:49  SCV x2  
  130  12:50  Command Center  
  132  12:56  SCV  
  133  13:01  SCV x2  
  133  13:05  Command Center  
  135  13:43  Marauder  
  135  13:44  Marine x4  
  135  13:46  Barracks Tech Lab  
  133  13:52  SCV  
  133  13:53  SCV x2, Factory  
  136  13:55  Factory  
  136  13:56  Factory  
  136  13:58  Factory  
  136  14:01  Marine  
  136  14:02  Marine x3  
  140  14:04  Marauder  
  140  14:05  SCV x3  
  145  14:17  SCV x3  
  142  14:19  Marine  
  142  14:20  Marine x3  
  145  14:26  Marauder  
  145  14:29  SCV  
  131  14:47  Marauder  
  124  14:58  Marauder  
  124  14:59  Marine x4  
  128  15:01  Factory Tech Lab  
  128  15:02  Factory Tech Lab x3  
  128  15:06  Refinery  
  130  15:09  Refinery, Marauder  
  130  15:11  Planetary Fortress  
  130  15:14  SCV x3  
  133  15:15  Orbital Command  
  133  15:16  Marine  
  133  15:17  Marine x2  
  133  15:19  Marauder  
  140  15:26  SCV x3  
  143  15:30  Marauder  
  142  15:38  SCV x3  
  142  15:41  Marauder  
  141  15:50  SCV  
  141  15:51  Marauder  
  144  15:59  Marine x3  
  144  16:00  Marine  
  144  16:02  Marauder  
Show
View Real Time Build Order
Export as new Build Order

Antiga Terran 

Build Orders:  

Get SALT Encoding   

  12  0:02  SCV  
  13  0:14  SCV  
  14  0:23  Supply Depot  
  14  0:26  SCV  
  15  0:44  SCV  
  15  0:47  Barracks  
  16  0:50  Refinery  
  16  0:56  SCV  
  17  1:09  SCV  
  18  1:21  SCV  
  19  1:33  SCV  
  19  1:37  Reaper  
  19  1:39  Supply Depot  
  21  1:47  Orbital Command  
  21  1:51  Refinery  
  21  1:56  Barracks  
  21  2:08  Marine  
  22  2:16  Command Center  
  22  2:17  SCV  
  23  2:26  Factory  
  23  2:28  Marine  
  24  2:32  SCV  
  25  2:44  Barracks Tech Lab  
  25  2:46  SCV  
  25  2:47  Marine  
  27  2:55  Engineering Bay  
  27  3:07  SCV  
  27  3:09  Marine  
  27  3:10  Stimpack  
  27  3:12  Factory Tech Lab  
  29  3:13  Barracks Reactor  
  29  3:19  SCV  
  30  3:29  Orbital Command  
  30  3:31  SCV  
  31  3:37  Siege Tank  
  31  3:40  Missile Turret  
  34  3:44  SCV  
  35  3:54  Marauder, Marine x2  
  39  4:00  SCV x2  
  41  4:12  Supply Depot  
  41  4:13  Terran Infantry Weapons Level 1  
  41  4:23  SCV  
  42  4:27  Refinery x2, SCV  
  42  4:30  Marine x2  
  42  4:31  Marine  
  46  4:35  SCV  
  47  4:43  SCV  
  48  4:47  SCV  
  49  4:53  Supply Depot  
  49  4:55  SCV  
  49  4:57  Missile Turret  
  49  4:59  SCV  
  51  5:01  Starport  
  51  5:10  Command Center  
  51  5:18  SCV x2  
  53  5:26  Marine x2  
  55  5:28  Combat Shield  
  55  5:41  Starport Reactor  
  55  6:01  Marine x2  
  57  6:06  SCV x2  
  59  6:11  Terran Infantry Armor Level 1  
  59  6:16  Siege Tank  
  62  6:21  Marine x2  
  63  6:25  Supply Depot  
  63  6:26  Supply Depot  
  63  6:27  Barracks  
  63  6:28  Barracks  
  63  6:37  Marine  
  63  6:38  Medivac x2  
  63  6:39  Marine  
  69  6:42  Marine  
  69  6:46  Engineering Bay  
  70  6:49  SCV  
  70  6:50  SCV, Armory  
  72  6:55  Marine, Supply Depot  
  72  6:56  Supply Depot  
  72  7:00  Planetary Fortress  
  73  7:01  SCV  
  73  7:02  SCV  
  75  7:10  Marauder, Marine  
  75  7:13  Marine, Viking, Medivac  
  75  7:14  SCV x2  
  85  7:23  Siege Tank  
  85  7:24  Missile Turret  
  85  7:26  SCV x2, Missile Turret  
  85  7:27  Barracks Reactor, Marine  
  91  7:30  Barracks Tech Lab  
  91  7:32  Marine  
  91  7:33  Marauder  
  94  7:38  SCV  
  94  7:40  SCV  
  94  7:42  Refinery  
  96  7:46  Supply Depot  
  96  7:49  Missile Turret  
  96  7:53  Supply Depot  
  96  8:02  Medivac, Viking  
  96  8:03  Marauder, Marine x2  
  104  8:13  Marauder, Marine x2  
  108  8:20  Marine  
  95  8:34  Siege Tank  
  95  8:35  Liberator x2  
  95  8:36  Marauder, Marine x3  
  109  8:48  Marine  
  109  8:49  Marine  
  109  8:54  Marine x2  
  113  8:57  Marauder  
  115  9:06  Siege Tank  
  118  9:11  Marauder, Marine x3  
  123  9:31  Marauder, Marine x4  
  128  9:39  Siege Tank  
  113  9:56  Marine, Liberator x2  
  113  9:57  Marine  
  118  10:05  Marine x2  
  118  10:06  Marauder, Marine  
  123  10:11  Siege Tank  
  124  10:38  Marauder, Marine x4  
  124  10:39  Medivac  
  132  10:43  Medivac  
  131  10:51  Siege Tank  
  128  10:57  Marauder, Marine x2  
  132  11:06  Marine  
  133  11:12  Marauder, Marine, Supply Depot  
  133  11:15  Supply Depot x2  
  133  11:16  SCV x3, Supply Depot  
  133  11:17  Refinery  
  139  11:19  Marauder  
  141  11:28  Supply Depot  
  141  11:29  SCV x2, Marine x4, Siege Tank  
  141  11:30  SCV, Supply Depot  
  141  11:32  Factory, Terran Vehicle Weapons Level 1  
  151  11:52  Supply Depot  
  145  12:01  Siege Tank  
  145  12:08  Marauder, Marine x2  
  148  12:17  Marauder, Marine x2  
  148  12:18  Liberator  
  148  12:19  Liberator  
  156  12:27  Marine x2  
  158  12:30  Marauder  
  158  12:33  Siege Tank  
  158  12:35  Marine x2  
  159  12:39  Marauder  
  156  12:44  Marine  
  156  12:45  Marine  
  156  12:50  Marine  
  157  12:53  Marine x2  
  159  13:00  Marine  
  159  13:01  Liberator  
  159  13:02  Marine x2  
  165  13:05  Siege Tank  
  165  13:09  Marauder  
  165  13:10  Marine  
  165  13:11  Marine  
  169  13:17  Marine  
  170  13:20  Marine x2  
  172  13:28  Marine  
  172  13:30  Marauder  
  159  13:37  Siege Tank  
  159  13:39  Marine  
  159  13:40  Marine x3  
  122  13:46  Marine  
  99  13:51  Viking x2  
  99  13:52  Marauder  
  97  13:57  Marine x2  
  97  13:58  Marine x2  
  101  14:04  Marine  
  101  14:06  Command Center  
  102  14:11  SCV x3  
  102  14:12  Marine  
  102  14:13  Thor  
  102  14:15  Marine x3  
  102  14:16  Factory Tech Lab, Marauder  
  117  14:21  Viking x2  
  117  14:22  Marine  
  122  14:30  Marine  
  120  14:33  Marine x3  
  120  14:38  Marauder  
  125  14:39  Marine  
  123  14:48  Marine  
  123  14:51  Marine x3, Viking x2  
  126  14:57  Marine  
  126  14:59  Marauder  
  115  15:06  Marauder  
  90  15:09  Marine x2  
  84  15:15  Thor  
  84  15:21  Viking x2  
  84  15:35  Marine x3  
  75  15:44  Marine x2  
  75  15:47  Marine  
  79  15:50  Viking  
  79  15:51  Viking  
  79  15:53  Marine  
Show
View Real Time Build Order
Export as new Build Order

Wadpig Protoss 

Build Orders:  

Get SALT Encoding   

  12  0:00  Probe  
  13  0:12  Probe  
  14  0:20  Pylon  
  14  0:24  Probe  
  15  0:38  Probe  
  15  0:40  Gateway  
  16  0:52  Assimilator  
  16  0:53  Probe (Chrono Boost)  
  17  1:03  Probe (Chrono Boost)  
  18  1:07  Probe (Chrono Boost)  
  19  1:14  Pylon  
  19  1:22  Probe  
  20  1:34  Gateway  
  20  1:38  Cybernetics Core  
  20  1:47  Zealot (Chrono Boost)  
  22  1:55  Probe, Assimilator  
  23  2:07  Probe  
  24  2:12  Warp Gate (Chrono Boost)  
  24  2:16  Stalker  
  24  2:19  Probe  
  27  2:31  Probe  
  28  2:42  Nexus  
  28  2:43  Probe  
  29  2:47  Pylon  
  29  2:59  Shield Battery  
  29  3:09  Adept x2  
  33  3:19  Robotics Facility  
  33  3:22  Pylon  
  33  3:41  Pylon  
  33  3:50  Gateway x2  
  33  4:00  Stalker x2  
  37  4:05  Probe  
  37  4:07  Probe  
  35  4:17  Probe  
  35  4:23  Sentry  
  38  4:25  Sentry  
  40  4:33  Twilight Council  
  40  4:36  Observer (Chrono Boost)  
  41  4:54  Shield Battery  
  41  5:00  Stalker x2  
  41  5:01  Stalker  
  47  5:14  Pylon  
  47  5:15  Probe x2  
  47  5:16  Pylon  
  47  5:19  Assimilator  
  49  5:21  Assimilator  
  49  5:27  Probe x2  
  51  5:31  Stalker  
  53  5:38  Stalker  
  53  6:13  Forge  
  53  6:19  Immortal (Chrono Boost)  
  57  6:30  Pylon  
  57  6:42  Probe x2  
  57  6:43  Templar Archives  
  57  6:44  Charge (Chrono Boost)  
  59  6:54  Probe x2  
  59  6:59  Protoss Ground Weapons Level 1 (Chrono Boost)  
  61  7:03  Nexus  
  61  7:04  Pylon  
  61  7:10  Zealot  
  61  7:11  Stalker  
  65  7:17  Probe, Psionic Storm  
  65  7:18  Probe  
  67  7:29  Probe  
  68  7:52  Probe x2  
  68  7:53  Assimilator  
  68  7:58  High Templar x2, Assimilator  
  74  8:00  High Templar  
  74  8:02  High Templar  
  74  8:04  Probe x2  
  80  8:16  Probe x2  
  64  8:22  Photon Cannon  
  48  8:28  Probe  
  48  8:32  Stalker x2  
  49  8:35  High Templar x2  
  53  8:52  Gateway  
  53  8:55  Gateway  
  53  9:08  Zealot x4  
  45  9:34  Pylon  
  31  9:50  Pylon  
  29  9:54  Stalker x2  
  33  10:06  High Templar x2  
  37  10:31  High Templar x2  
  37  10:32  High Templar  
  37  10:34  Probe (Chrono Boost)  
  37  10:35  Probe (Chrono Boost)  
  45  10:45  Protoss Ground Armor Level 1 (Chrono Boost)  
  45  10:46  Probe (Chrono Boost)  
  45  10:47  Probe (Chrono Boost)  
  45  10:49  High Templar  
  49  10:50  High Templar  
  49  10:55  Probe x2 (Chrono Boost)  
  53  11:01  Probe x2  
  55  11:11  Photon Cannon  
  55  11:13  Probe x2, Photon Cannon  
  55  11:16  Photon Cannon, Pylon  
  57  11:23  Photon Cannon  
  57  11:25  Photon Cannon  
  57  11:28  Photon Cannon  
  57  11:34  Zealot x3  
  57  11:35  Zealot x3  
  57  11:38  Probe x2  
  71  11:50  Probe x2  
  73  11:54  Observer  
  73  12:00  Nexus  
  73  12:02  Probe  
  74  12:35  Stalker x3  
  80  12:55  Pylon, Immortal (Chrono Boost)  
  84  13:20  Protoss Ground Weapons Level 2 (Chrono Boost)  
  84  13:28  Immortal (Chrono Boost)  
  84  13:50  Archon  
  84  13:53  Archon, High Templar  
  84  13:54  High Templar x2  
  90  13:57  Stalker x2  
  90  13:58  Stalker  
  86  14:15  Archon  
  55  14:29  High Templar  
  43  14:35  Archon  
  18  14:50  Stalker  
  12  14:56  Pylon  
  12  14:58  Pylon  
  12  15:05  Stalker  
  13  15:21  Stalker x3  
  13  15:22  Stalker  
  21  15:41  Probe (Chrono Boost)  
  21  15:42  Probe (Chrono Boost)  
  19  15:51  Probe x2 (Chrono Boost)  
  19  15:52  High Templar x2  
  19  15:54  High Templar x2  
  19  15:56  Probe x2 (Chrono Boost)  
  20  15:57  Archon  
  20  15:58  Archon  
  22  16:07  Probe  
  22  16:08  Probe  
  11  16:19  Probe  
  11  16:20  Probe  
  13  16:25  Stalker  
  13  16:26  Stalker x2  
Tags
 
Add a new tag
Caveats
  • Supply blocks, unpowered buildings, or Contaminate may cause inaccurate times.
  • Supply counts are checked every 10 seconds.